 Dungeon Crawl Stone Soup version 0.28.0 (webtiles) character file.

Game seed: 17910645283285731852

44 horus123 the Magician (level 3, 0/25 HPs)
             Began as a Djinni Conjurer on Feb 17, 2022.
             Slain by an adder (2 damage)
             ... on level 2 of the Dungeon.
             The game lasted 00:01:59 (1416 turns).

horus123 the Magician (Djinni Conjurer)             Turns: 1416, Time: 00:01:59

Health: 0/25       AC:  3    Str:  6    XL:     3   Next: 85%
Gold:   92         EV: 12    Int: 21    God:
                   SH:  0    Dex: 11

rFire   + + .      SeeInvis .   g - +1 short sword (freeze)
rCold   x . .      Faith    .   (no shield)
rNeg    . . .      Spirit   .   a - +0 robe
rPois   ∞          Reflect  .   (no helmet)
rElec   .          Harm     .   (no cloak)
rCorr   .          Rampage  .   d - +0 pair of gloves
Will    .....                   (boots unavailable)
Stlth   ++........              (no amulet)
HPRegen 0.08/turn               (no ring)
MPRegen 0.00/turn               (no ring)

@: flying
A: sickness immunity, fire resistance 2, cold vulnerability 1, float, innate
caster, HP casting, extra vitality 1
a: no special abilities


You were on level 2 of the Dungeon.
You visited 1 branch of the dungeon, and saw 2 of its levels.

You collected 92 gold pieces.

Inventory:

Hand Weapons
 g - a +1 short sword of freezing (weapon)
Armour
 a - a +0 robe (worn)
 d - a +0 pair of gloves (worn)
Potions
 b - a potion of brilliance
 c - a potion of magic {unknown}
 e - a potion of heal wounds {unknown}


   Skills:
 - Level 2.1 Dodging
 - Level 1.5 Stealth
 + Level 4.2 Spellcasting


You couldn't memorise any spells.
You knew the following spells:

 Your Spells              Type           Power      Damage    Failure   Level
a - Magic Dart            Conj           88%        1d7       1%          1
b - Searing Ray           Conj           44%        2d6       3%          2
c - Dazzling Flash        Conj/Hex       44%        N/A       6%          3
d - Fulminant Prism       Conj/Hex       11%        3d9       21%         4
e - Iskenderun's Mystic   Conj/Tloc      22%        2d6       21%         4
f - Sting                 Tmut/Pois      88%        1d7       1%          1
Your spell library was empty.

Dungeon Overview and Level Annotations

Branches:
Dungeon (2/15)

Altars:
Kikubaaqudgha


Innate Abilities, Weirdness & Mutations

You are immune to sickness and miasma.
You are immune to poison.
Your flesh is very heat resistant. (rF++)
You are vulnerable to cold. (rC-)
You float through the air rather than walking.
You learn spells naturally, not from books.
Your magical power is your life essence.
You have superior vitality. (+4 MHP)


Message History

You see here 9 gold pieces.
The magic dart hits the giant cockroach.
The giant cockroach is severely wounded.
An endoplasm comes into view.
The giant cockroach bites you.
The magic dart hits the giant cockroach.
You kill the giant cockroach!
The endoplasm quivers.
The magic dart hits the adder but does no damage.
A bat comes into view.
Aiming: Magic Dart (safe; 1% risk of failure)
Press: ? - help, Q - select action, (/) - cycle Shift-Dir - straight line, f/p - adder
Aim: an adder (100% to hit)
The magic dart hits the adder but does no damage.
Unknown command.
Aiming: Magic Dart (safe; 1% risk of failure)
Press: ? - help, Q - select action, (/) - cycle Shift-Dir - straight line, f/p - adder
Aim: an adder (100% to hit)
The magic dart hits the adder.
The adder is moderately wounded.
The bat barely misses you. The adder bites you.
You are too injured to fight recklessly!
You are too injured to fight recklessly!
You are too injured to fight recklessly!
You are too injured to fight recklessly!
Unknown command.
The bat misses you. The adder closely misses you.
The bat hits you but does no damage. The bat closely misses you.
The bat barely misses you. The adder barely misses you.
The bat barely misses you. The bat hits you but does no damage.
The adder bites you.
* * * LOW HITPOINT WARNING * * *
The adder bites you.
* * * LOW HITPOINT WARNING * * *
You hit the adder but do no damage.
The adder is lightly wounded.
The adder bites you.
You die...

..# ..## #. # ..?.#
#.#####.##### ...#
.........@Sb+....+
#.###.#.###.#....#
.# ##. #....J..# ..
...###+#####.#.# .#
####..........#.# .#
#.............# # .#
#.##........†.# .#
#.##..........#
.#####.##.†..:.....#


You could see an adder and a bat.

Vanquished Creatures
  An adder (D:2)
  2 ball pythons (D:1)
  4 bats (D:1)
  3 endoplasms
  A giant cockroach (D:2)
  2 goblins (D:1)
  4 hobgoblins (D:1)
  3 jackals (D:1)
  2 quokkas (D:1)
  3 frilled lizards
  A kobold (D:1)
  5 rats (D:2)
31 creatures vanquished.

Notes
Turn   | Place    | Note
-------+----------+-------------------------------------------
     0 | D:1      | horus123 the Djinni Conjurer began the quest for the Orb.
     0 | D:1      | Reached XP level 1. HP: 15/15 MP: 0/0
   114 | D:1      | Reached XP level 2. HP: 12/21 MP: 0/0
   733 | D:1      | Reached XP level 3. HP: 22/25 MP: 0/0
   733 | D:1      | Learned a level 1 spell: Sting
   949 | D:1      | Found a faded altar of an unknown god.
   983 | D:1      | Reached skill level 4 in Spellcasting
  1416 | D:2      | Slain by an adder

Illustrated notes

Levels and vault maps discovered:
D:1:      dpeg_arrival_water_altar, layout_rooms,
          hellmonk_ecumenical_altar_heavens_door
D:2:      layout_basic

Skill      XL: |  1  2  3 |
---------------+----------+-----
Spellcasting   | 4 |  4.2
Dodging        | |  2.1
Stealth        | |  1.5

Action                   || total
-------------------------++-------
Melee: Short sword       ||     1
 Cast: Magic Dart        ||    70
  Use: Scroll            ||     2
Armor: Robe              ||     5
Dodge: Dodged            ||    11
